Map: Catalyst LE

Players

CinDra

  • Race: Zerg Zerg
  • League: Silver
  • Spawn Location: 11:00

LIULIU - Winner!

  • Race: Protoss Protoss
  • League: Gold
  • Spawn Location: 5:00

VOD

Have the link to the VOD?

Description

Time

  • Played on: Feb. 24, 2018, 6:22 p.m.
  • Length: 7:01
Show
View Real Time Build Order
Export as new Build Order

CinDra Zerg 

Build Orders: Hatch First 

Get SALT Encoding   

  12  0:01  Drone  
  13  0:13  Overlord  
  13  0:17  Drone  
  14  0:31  Drone  
  14  0:32  Drone  
  16  0:37  Drone  
  17  0:56  Hatchery, Drone  
  17  1:07  Drone x2, Extractor  
  18  1:20  Spawning Pool  
  18  1:23  Drone  
  18  1:32  Drone  
  19  1:39  Drone  
  20  1:50  Drone  
  21  2:01  Drone  
  21  2:07  Queen  
  21  2:08  Queen  
  26  2:09  Zergling x2  
  26  2:11  Zergling x2  
  26  2:12  Metabolic Boost  
  28  2:20  Overlord  
  28  2:38  Drone x3  
  28  2:39  Overlord  
  31  2:50  Drone  
  31  2:51  Drone  
  33  2:54  Drone  
  33  3:21  Drone x2  
  33  3:26  Overlord x2  
  33  3:27  Drone x6  
  36  3:31  Extractor  
  40  3:35  Roach Warren  
  39  3:42  Drone x2  
  41  4:03  Zergling x16  
  49  4:11  Lair  
  49  4:12  Drone  
  50  4:21  Overlord  
  50  4:26  Roach x2  
  50  4:27  Roach x2  
  50  4:28  Overlord x3  
  58  4:35  Zergling x2  
  59  4:51  Drone x3  
  62  4:54  Extractor  
  62  4:58  Extractor, Roach  
  62  4:59  Roach x5  
  59  5:27  Roach  
  59  5:28  Roach x10  
  64  5:42  Roach x3  
  56  5:58  Roach x2  
  56  6:00  Queen  
  46  6:17  Roach x5  
  53  6:23  Roach  
  43  6:41  Roach  
Show
View Real Time Build Order
Export as new Build Order

LIULIU Protoss - Winner!

Build Orders:  

Get SALT Encoding   

  12  0:01  Probe (Chrono Boost)  
  13  0:10  Probe (Chrono Boost)  
  14  0:19  Pylon  
  14  0:21  Probe  
  15  0:37  Probe  
  15  0:41  Gateway  
  16  0:49  Probe, Assimilator  
  17  1:02  Probe  
  18  1:14  Probe (Chrono Boost), Assimilator  
  20  1:25  Probe (Chrono Boost)  
  20  1:30  Probe (Chrono Boost), Cybernetics Core  
  20  1:31  Pylon  
  21  1:40  Probe  
  21  1:46  Pylon  
  22  1:52  Probe  
  23  1:56  Gateway  
  23  2:00  Gateway  
  23  2:15  Adept  
  25  2:23  Twilight Council  
  25  2:25  Warp Gate (Chrono Boost)  
  25  2:36  Gateway  
  25  2:42  Adept  
  27  2:51  Forge  
  27  2:57  Adept  
  29  3:06  Pylon  
  29  3:20  Resonating Glaives  
  29  3:21  Protoss Ground Weapons Level 1 (Chrono Boost)  
  29  3:31  Robotics Facility  
  29  4:09  Pylon  
  29  4:12  Shield Battery  
  29  4:18  Immortal  
  33  4:27  Adept x3  
  33  4:28  Adept  
  41  4:45  Pylon  
  41  4:57  Immortal, Adept  
  41  4:58  Adept  
  49  5:22  Stalker x3  
  47  5:42  Adept  
  49  5:46  Adept x3  
  47  6:05  Immortal  
  51  6:43  Stalker x4  
Tags
 
Matchup
PvZ
Spawn Locations
Cross Positions
Add a new tag
Caveats
  • Supply blocks, unpowered buildings, or Contaminate may cause inaccurate times.
  • Supply counts are checked every 10 seconds.